 Dungeon Crawl Stone Soup version 0.17-a0-186-g8d083fd (webtiles) character file.

45 squibie the Magician (level 3, 0/19 HPs)
             Began as a Deep Elf Wizard on Mar 27, 2015.
             Killed from afar by Sigmund (9 damage)
             ... with a magic dart
             ... on level 2 of the Dungeon.
             The game lasted 00:02:23 (996 turns).

squibie the Magician (Deep Elf Wizard)               Turns: 996, Time: 00:02:24

Health: 0/19       AC:  2    Str:  4    XL:     3   Next: 42%
Magic:  13/14      EV: 13    Int: 23    God:
Gold:   102        SH:  0    Dex: 16    Spells: 1 memorised, 12 levels left

rFire  . . .     SeeInvis .     g - +3 dagger
rCold  . . .     Clarity  .     a - +0 robe
rNeg   . . .     SustAb   .     (no shield)
rPois  .         Gourm    .     b - +0 hat
rElec  .         Spirit   .     (no cloak)
rCorr  .         Warding  .     (no gloves)
rMut   .         Stasis   .     (no boots)
MR     .....                    (no amulet)
Stlth  +.........               (no ring)
                                q - +3 ring of dexterity

@: confused, very slightly contaminated, not resistant to hostile enchantments,
very unstealthy
A: no striking features
a: no special abilities


You were on level 2 of the Dungeon.
You were not hungry.

You visited 1 branch of the dungeon, and saw 2 of its levels.

You collected 102 gold pieces.

Inventory:

Hand weapons
 g - a +3 dagger (weapon)
Armour
 a - a +0 robe (worn)
 b - a +0 hat (worn)
Jewellery
 q - a +3 ring of dexterity (left hand)
Scrolls
 f - a scroll of remove curse {unknown}
 l - a scroll of fog {unknown}
 n - 2 scrolls of identify {unknown}
 o - a scroll of noise {unknown}
Potions
 e - a potion of lignification {unknown}
 i - a potion of heal wounds
 j - a potion of brilliance {unknown}
 p - a potion of curing {unknown}
Books
 c - a book of Minor Magic

   Spells                             Type                      Level
   a - Magic Dart                     Conjuration                  1
   b - Blink                          Translocation                2
   c - Call Imp                       Summoning                    2
   d - Repel Missiles                 Charms/Air                   2
   e - Slow                           Hexes                        2
   f - Conjure Flame                  Conjuration/Fire             3
   g - Mephitic Cloud                 Conjuration/Poison/Air       3
Comestibles
 d - a bread ration
 h - a beef jerky
 k - a meat ration
 m - 2 fruits


   Skills:
 - Level 2.4 Dodging
 - Level 2.4 Stealth
 + Level 5.5 Spellcasting
 - Level 2.5 Conjurations
   Level 1.1 Summonings
   Level 1.1 Translocations


You had 12 spell levels left.
You knew the following spells:

 Your Spells              Type           Power        Failure   Level  Hunger
a - Magic Dart            Conj           ###.         3%          1    None


Dungeon Overview and Level Annotations

Branches:
Dungeon (2/15)

Altars:

Annotations:
D:2 Sigmund


Message History

Casting: Magic Dart
Confirm with . or Enter, or press ? or * to list all spells.
Aiming: Magic Dart
Press: ? - help, Shift-Dir - straight line, f/p - Sigmund
Aim: Sigmund, wielding a scythe and wearing a robe You miscast Magic Dart.
You are very lightly contaminated with residual magic.
Nothing appears to happen.
Sigmund looks at you with fury. Sigmund gestures at you while chanting.
You are confused.
Sigmund points at you and mumbles some strange words.
The puff of flame hits you!
Ouch! That really hurt!
You bump into the rock wall.
Sigmund points at you and mumbles some strange words.
You are more confused.
Sigmund gestures at you while chanting. The magic dart hits you!
You die...

..(....@......≈≈≈≈.
..##..........≈≈≈≈. .
#...........≈≈.. ..
#......@##.....>.... ..
#.....#...#### #... . ...
#.....###.#####..#...
..... ##########
#.......#.... ......
.....#######............#
....
................@..####
.. ......#######....### #
......#######..#.# #
..........(....#.# #.#
.[....##.####..... #.#
.........# #.##[.. ##..
####)#..## ..###.. #...
#<#..# #.. ... ##...
#.......# . .#....


You could see Sigmund.

Vanquished Creatures
  2 gnolls
  2 oozes
  3 bats (D:1)
  A giant cockroach (D:1)
  3 hobgoblins
  2 giant newts
  4 goblins
  6 kobolds
23 creatures vanquished.

Vanquished Creatures (others)
  A rat (D:2)
1 creature vanquished.

Grand Total: 24 creatures vanquished

Notes
Turn   | Place    | Note
--------------------------------------------------------------
     0 | D:1      | squibie, the Deep Elf Wizard, began the quest for the Orb.
     0 | D:1      | Reached XP level 1. HP: 10/10 MP: 6/6
   186 | D:1      | Reached XP level 2. HP: 10/15 MP: 3/9
   688 | D:2      | Reached skill level 5 in Spellcasting
   737 | D:1      | Reached XP level 3. HP: 11/19 MP: 0/14
   983 | D:2      | Noticed Sigmund
   996 | D:2      | Killed from afar by Sigmund

Action                   || total
-------------------------++-------
Melee: Dagger            ||    23
 Cast: Magic Dart        ||    54
  Use: Potion            ||     1
